 Dungeon Crawl Stone Soup version 0.27.1-3-gb3d3a73c9e (webtiles) character file.

Game seed: 7132589311020170990

1913 styxcanada the Covert (level 8, -6/39 HPs)
             Began as a Spriggan Brigand on Oct 15, 2021.
             Was an Initiate of Gozag.
             Shot with a sling bullet by Joseph (8 damage)
             ... on level 7 of the Dungeon.
             The game lasted 00:32:06 (7055 turns).

styxcanada the Covert (Spriggan Brigand)            Turns: 7055, Time: 00:32:06

Health: -6/39      AC:  6    Str:  7    XL:     8   Next: 95%
Magic:  14/14      EV: 21    Int: 16    God:    Gozag
Gold:   195        SH: 13    Dex: 22    Spells: 11/14 levels left

rFire    + . .     SeeInvis +   d - +0 dagger (venom)
rCold    . . .     Faith    .   h - +1 buckler {AC+3}
rNeg     . . .     Spirit   .   b - +0 robe
rPois    .         Reflect  +   (helmet restricted)
rElec    .         Harm     .   c - +0 cloak
rCorr    .         Rampage  .   (gloves unavailable)
Will     +....                  (boots unavailable)
Stlth    +++++.....             x - amulet of Scepticism {Reflect Int+4 Dex+3 SH+5}
HPRegen  0.13/turn              G - ring of protection from fire
MPRegen  0.14/turn              (no ring)

@: very quick
A: very small, no large weapons, unfitting armour, see invisible, speed 3
a: Renounce Religion, Potion Petition, Call Merchant, Bribe Branch


You were on level 7 of the Dungeon.
You worshipped Gozag.
Gozag was aware of your devotion.
You visited 2 branches of the dungeon, and saw 8 of its levels.

You collected 284 gold pieces.
You spent 22 gold pieces at shops.
You paid 67 gold pieces to Gozag.

Inventory:

Hand Weapons
 a - a +2 dagger
 d - a +0 dagger of venom (weapon)
 r - a +2 flail of holy wrath
 B - a +0 hunting sling
 F - a +3 quarterstaff of chaos
 I - the +2 mace "Gueqoige" {vorpal, Will+ Int+2}
   (You found it on level 6 of the Dungeon)

   It inflicts extra damage upon your enemies.
   Int:       It affects your intelligence (+2).
   Will:      It increases your willpower.
Missiles
 f - 100 sling bullets
 k - 211 stones
 m - 3 curare-tipped darts
 n - 33 poisoned darts (quivered)
 y - 7 silver boomerangs
Armour
 b - a +0 robe (worn)
 c - a +0 cloak (worn)
 h - a +1 buckler of protection (worn)
Jewellery
 l - an amulet of magic regeneration
 s - an amulet of regeneration
 x - the amulet of Scepticism (around neck) {Reflect Int+4 Dex+3 SH+5}
   (You acquired it on level 4 of the Dungeon)

   [amulet of reflection]

   It reflects blocked missile attacks.
   Int:       It affects your intelligence (+4).
   Dex:       It affects your dexterity (+3).
   SH:        It affects your SH (+5).
 G - a ring of protection from fire (left hand)
Wands
 A - a wand of acid (8)
 J - a wand of paralysis (11)
Scrolls
 e - 2 scrolls of blinking
 z - 5 scrolls of teleportation
 H - a scroll of vulnerability {unknown}
Potions
 g - 2 potions of flight
 i - 4 potions of cancellation
 j - 3 potions of might
 o - a potion of magic
 p - 2 potions of heal wounds
 q - 2 potions of curing
 t - a potion of resistance {unknown}
 u - a potion of berserk rage
 v - a potion of haste {unknown}
 w - a potion of brilliance {unknown}
 C - a potion of ambrosia {unknown}
 D - 2 potions of invisibility {unknown}
 E - a potion of mutation {unknown}


   Skills:
 * Level 2.9 Fighting
 + Level 3.4 Short Blades
 + Level 1.1 Maces & Flails
 + Level 1.3(3.1) Slings
 + Level 3.6(3.7) Throwing
 * Level 5.7 Dodging
 * Level 9.5 Stealth
 * Level 2.3 Shields
 * Level 3.6 Spellcasting
 * Level 1.9 Conjurations
 * Level 2.5 Air Magic
 * Level 3.1 Poison Magic
 * Level 3.1 Evocations


You had 11 spell levels left.
You knew the following spells:

 Your Spells              Type           Power      Damage    Failure   Level
a - Mephitic Cloud        Conj/Pois/Air  11%        N/A       26%         3

Your spell library contained the following spells:

 Spells                   Type           Power      Damage    Failure   Level
 Magic Dart               Conj           36%        1d4       11%         1
 Blink                    Tloc           N/A        N/A       36%         2
 Call Imp                 Summ           2%         N/A       36%         2
 Ignite Poison            Fire/Tmut/Pois 6%         N/A       43%         3
 Conjure Flame            Conj/Fire      6%         6-21      45%         3
 Dazzling Flash           Conj/Hex       12%        N/A       45%         3
 Airstrike                Air            5%         N/A       65%         4
 Summon Lightning Spire   Summ/Air       6%         N/A       83%         4
 Lightning Bolt           Conj/Air       5%         1d17      95%         5
 Freezing Cloud           Conj/Ice/Air   3%         6-21      98%         5
 Bolt of Magma            Conj/Fire/Erth 2%         4d4       99%         5
 Silence                  Hex/Air        3%         N/A       99%         5
 Agony                    Necr           2%         N/A       100%        5
 Manifold Assault         Tloc           2%         N/A       100%        5
 Shadow Creatures         Summ           N/A        N/A       100%        6
 Simulacrum               Ice/Necr       1%         N/A       100%        6
 Storm Form               Tmut/Air       3%         N/A       100%        7
 Fire Storm               Conj/Fire      3%         8d1       100%        9
 Polar Vortex             Ice            1%         N/A       100%        9


Dungeon Overview and Level Annotations

Branches:
Dungeon (7/15)             Temple (1/1) D:6

Altars:
Ashenzari
Cheibriados
Dithmenos
Elyvilon
Fedhas
Gozag
Hepliaklqana
Kikubaaqudgha
Makhleb
Nemelex Xobeh
Okawaru
Qazlal
Ru
Sif Muna
Trog
Uskayaw
Vehumet
Wu Jian
Xom
Yredelemnul
Zin
The Shining One

Shops:
D:3 ?   D:4 *

Annotations:
D:7 Joseph


Innate Abilities, Weirdness & Mutations

You are very small and have problems with some larger weapons.
You are too small for most types of armour.
You have supernaturally acute eyesight. (SInv)
You cover ground extremely quickly. (Speed+++)


Message History

You hit Joseph.
Joseph looks as sick as possible!
Joseph is lightly wounded.
You block Joseph's attack.
You hit Joseph.
Joseph looks as sick as possible!
Joseph is lightly wounded.
Joseph smiles happily.
You block Joseph's attack.
You hit Joseph but do no damage.
Joseph is lightly wounded.
You hit Joseph but do no damage.
Joseph is moderately wounded.
You block Joseph's attack.
You hit Joseph but do no damage.
Joseph is moderately wounded.
You block Joseph's attack.
You hit Joseph.
Joseph looks as sick as possible!
Joseph is moderately wounded.
Joseph misses you.
You hit Joseph but do no damage.
Joseph looks as sick as possible!
Joseph is moderately wounded.
Joseph hits you with a +0 quarterstaff.
You completely miss Joseph.
Joseph is moderately wounded.
Joseph hits you with a +0 quarterstaff.
You hit Joseph but do no damage.
Joseph looks as sick as possible!
Joseph is heavily wounded.
You block Joseph's attack.
You hit Joseph but do no damage.
Joseph looks as sick as possible!
Joseph is heavily wounded.
You hit Joseph but do no damage.
Joseph is heavily wounded.
You block Joseph's attack.
You hit Joseph but do no damage.
Joseph looks as sick as possible!
Joseph is heavily wounded.
Joseph hits you with a +0 quarterstaff!
* * * LOW HITPOINT WARNING * * *
Joseph unwields a +0 quarterstaff.
Joseph wields a +0 hunting sling.
Joseph shoots a sling bullet.
The sling bullet hits you!
You die...
Your body crumbles into a pile of gold.

## .. ######.
..... ..... #.#@#
###.#.# ...#@#
##.#.#
#....#######
#####.........[.
........########
##>....?.>....#
#.##.##.####.# #.
#.##.#
####.##.##.####.#


You could see Joseph (extremely poisoned).

Vanquished Creatures
  Sigmund (D:6)
  Eustachio (D:6)
  Edmund (D:6)
  2 water moccasins (D:5)
  An ice beast (D:6)
  An ogre (D:5)
  2 phantoms (D:6)
  A centaur (D:6)
  A kobold brigand (D:6)
  3 scorpions
  A water moccasin zombie (D:6)
  A bullfrog zombie (D:5)
  A howler monkey (D:5)
  2 jellies (D:5)
  A bullfrog skeleton (D:5)
  Crazy Yiuf (D:5)
  A centaur skeleton (D:4)
  3 hounds
  3 iguanas
  Robin (D:4)
  A howler monkey skeleton (D:4)
  8 adders
  A shadow imp (D:6)
  2 white imps
  An ufetubus (D:5)
  An adder skeleton (D:4)
  3 worms
  2 dart slugs
  4 orcs
  10 ball pythons
  4 endoplasms (D:1)
  15 goblins
  13 hobgoblins
  13 jackals
  4 quokkas
  6 bats
  A frilled lizard (D:1)
  2 goblin skeletons (D:4)
  A goblin zombie (D:4)
  4 hobgoblin zombies (D:4)
  7 kobolds
  An orc zombie (D:4)
  6 rats
139 creatures vanquished.

Vanquished Creatures (others)
  2 fungi (D:1)
2 creatures vanquished.

Grand Total: 141 creatures vanquished

Notes
Turn   | Place    | Note
-------+----------+-------------------------------------------
     0 | D:1      | styxcanada the Spriggan Brigand began the quest for the
                  | Orb.
     0 | D:1      | Reached XP level 1. HP: 10/10 MP: 2/2
    93 | D:1      | Reached skill level 6 in Stealth
   202 | D:1      | Reached XP level 2. HP: 14/14 MP: 3/3
   537 | D:1      | Found a faded altar of an unknown god.
  1028 | D:2      | Reached XP level 3. HP: 10/18 MP: 4/4
  1373 | D:2      | Reached skill level 7 in Stealth
  1739 | D:2      | Reached XP level 4. HP: 23/23 MP: 5/5
  2250 | D:3      | Found Dyxzic Wivu's Magic Scroll Shop.
  2313 | D:3      | Learned a level 3 spell: Mephitic Cloud
  3010 | D:4      | Found a glowing golden altar of the Shining One.
  3036 | D:4      | Reached XP level 5. HP: 26/26 MP: 5/7
  3175 | D:4      | Found Weqoxzue's Assorted Antiques.
  3297 | D:4      | Bought a bubbling white potion for 22 gold pieces
  3303 | D:4      | Identified a scroll of acquirement
  3303 | D:4      | Acquired a +1 buckler of protection
  3336 | D:4      | Reached skill level 8 in Stealth
  3552 | D:4      | Noticed Robin
  3642 | D:4      | Reached skill level 1 in Spellcasting
  3665 | D:4      | Killed Robin
  3816 | D:4      | Reached skill level 1 in Poison Magic
  3965 | D:4      | Reached XP level 6. HP: 30/30 MP: 9/9
  4042 | D:4      | Acquired the amulet of Scepticism {Reflect Int+4 Dex+3
                  | SH+5}
  4278 | D:5      | Entered Level 5 of the Dungeon
  4278 | D:5      | Noticed a water moccasin
  4281 | D:5      | Killed a water moccasin
  4282 | D:5      | Reached skill level 1 in Air Magic
  4285 | D:5      | You fall into a shaft and drop 1 floor!
  4388 | D:5      | Noticed a water moccasin
  4401 | D:5      | Reached skill level 1 in Conjurations
  4401 | D:5      | Reached XP level 7. HP: 15/35 MP: 9/11
  4456 | D:5      | Reached skill level 1 in Shields
  4456 | D:5      | Reached skill level 1 in Evocations
  4719 | D:5      | Got Enootuch's Guide on Companions and Ignition
  5526 | D:5      | Found a runed translucent door.
  5527 | D:5      | Noticed Crazy Yiuf
  5562 | D:5      | Killed Crazy Yiuf
  5563 | D:5      | Reached skill level 5 in Dodging
  5892 | D:6      | Reached XP level 8. HP: 39/39 MP: 12/12
  5970 | D:6      | Noticed Edmund
  5972 | D:6      | Noticed Sigmund
  6010 | D:6      | Killed Edmund
  6011 | D:6      | Reached skill level 9 in Stealth
  6032 | D:6      | Killed Sigmund
  6033 | D:6      | Reached skill level 1 in Maces & Flails
  6033 | D:6      | Reached skill level 1 in Slings
  6107 | D:6      | Noticed Eustachio
  6123 | D:6      | Killed Eustachio
  6152 | D:6      | Found a staircase to the Ecumenical Temple.
  6170 | Temple   | Entered the Ecumenical Temple
  6392 | Temple   | Became a worshipper of Gozag Ym Sagoz the Greedy
  6636 | D:6      | Identified the +2 mace "Gueqoige" {vorpal, Will+ Int+2}
  7036 | D:7      | Noticed Joseph
  7055 | D:7      | Shot with a sling bullet by Joseph

Illustrated notes

Levels and vault maps discovered:
D:1:      wander_arrival_estate, layout_basic, shapermc_ecumenical_altar_ellora
D:2:      cheibrodos_greedy_goblins, layout_basic, serial_park_tiny_1
D:3:      layout_basic, serial_shops, shop_scrolls, patterned_corridor
D:4:      layout_loops_ring, nicolae_tso_besieged_by_evil, serial_shops,
          nicolae_stop_n_shop_1, minmay_misc_feat_rows, uniq_robin
D:5:      layout_loops_ring, uniq_crazy_yiuf_cottage
D:6:      layout_basic, minmay_temple_entry_statues_pillars,
          sigmund_edmund_badplayer, uniq_eustachio
D:7:      gammafunk_wand_slinger, layout_loops_ring,
          hangedman_abyss_or_decor_slice, serial_park_tiny_1, uniq_menkaure,
          uniq_joseph
Temple:   roderic_octagonal_lattice_temple

Skill      XL: |  1  2  3  4  5  6  7  8 |
---------------+-------------------------+-----
Stealth        | 6 7 8 9 |  9.5
Dodging        | 2 3 4 5 |  5.7
Fighting       | 2 |  2.9
Short Blades   | 3 |  3.4
Spellcasting   | 1 2 3 |  3.6
Poison Magic   | 1 2 3 |  3.1
Air Magic      | 1 2 |  2.5
Conjurations   | 1 |  1.9
Shields        | 1 2 |  2.3
Evocations     | 1 3 |  3.1
Throwing       | 3 |  3.6
Maces & Flails | 1 |  1.1
Slings         | 1 |  1.3

Action                   |  1- 3 |  4- 6 |  7- 9 || total
-------------------------+-------+-------+-------++-------
Melee: Dagger            |   137 |   261 |   137 ||   535
       Flail             |       |    12 |    16 ||    28
 Fire: Hunting sling     |       |       |     8 ||     8
Throw: Dart              |    10 |    25 |    51 ||    86
       Stone             |     1 |     1 |       ||     2
Evoke: Wand              |       |       |     2 ||     2
  Use: Scroll            |     2 |    14 |       ||    16
       Potion            |       |     1 |       ||     1
 Stab: Sleeping          |    12 |    12 |     8 ||    32
       Distracted        |       |     1 |       ||     1
Armor: Robe              |    17 |    39 |    10 ||    66
Dodge: Dodged            |   101 |   211 |    60 ||   372
Block: Buckler           |       |    43 |    84 ||   127
       Reflection        |       |       |     1 ||     1
